AoeStats
← Bonea

MegaRandom

506619262Analyzed
4v4 RM · 17d ago on Sep 14, 2026· 40m 39s· 8 players
Game mode
Random Map
Map size
Large (8 player)
Population
200
Speed
Normal
Resources
Standard
Victory
Conquest
Starting age
Dark Age
Ending age
Imperial Age
RankedLock teamsTeams togetherTeam positionsShared explorationLock speedFull tech treeHidden civsTurbo modeCheats
Victory
Defeat
🇨🇳 Celts · China
1355
+12
🇨🇳 Huns · China
1332
+13
🇹🇼 Berbers · Taiwan
1325
+13
🇦🇺 Franks · Australia
1242
+18
🇨🇭 Celts · Switzerland
1314
-15
🇩🇪 Ethiopians · Germany
1289
-15
🇨🇳 Koreans · China
1238
-13
🇨🇳 Malay · China
1237
-13
psrycc
0:36 Loom
15:39 Feudal Age
17:10 Stone Mining
21:05 Castle Age
19:26 Fletching
22:40 Double-Bit Axe
23:06 Bodkin Arrow
23:12 Gold Mining
29:58 Horse Collar
31:17 Wheelbarrow
38:46 Imperial Age
38:27 Bow Saw
41:19 Conscription
WallyGoodberg
9:37 Loom
12:12 Feudal Age
16:44 Castle Age
15:00 Horse Collar
15:17 Double-Bit Axe
15:42 Fishing Lines
18:12 Bow Saw
19:03 Heavy Plow
19:30 Fletching
22:50 Gold Mining
23:30 Ballistics
23:51 Bodkin Arrow
26:13 Town Watch
27:04 Wheelbarrow
27:46 Wheelbarrow
31:23 Imperial Age
29:18 Padded Archer Armor
30:12 Hand Cart
30:34 Scale Mail Armor
30:44 Forging
31:21 Medium Warships
31:31 Royal Heirs
32:18 Chain Mail Armor
32:09 Squires
31:54 Arson
32:46 Iron Casting
32:12 Bracer
33:03 Gold Shaft Mining
32:18 Stone Mining
32:43 Masonry
34:16 Plate Mail Armor
34:11 Conscription
35:34 Blast Furnace
39:52 Chemistry
40:13 Conscription
40:28 Murder Holes
noob.dogg
11:12 Feudal Age
9:27 Loom
12:12 Double-Bit Axe
16:10 Castle Age
15:02 Scale Barding Armor
15:47 Forging
25:54 Horse Collar
27:23 Chain Barding Armor
29:19 Fletching
30:17 Medium Warships
31:05 Heavy Plow
31:58 Bow Saw
33:50 Iron Casting
34:56 Pikeman
35:38 Scale Mail Armor
Bonea
9:15 Loom
12:39 Feudal Age
16:01 Castle Age
14:58 Double-Bit Axe
15:05 Fletching
18:32 Medium Warships
17:53 Crossbowman
21:38 Forging
27:14 Bodkin Arrow
31:35 Wheelbarrow
34:47 Imperial Age
33:30 Ballistics
34:51 Heavy Warships
34:30 Bracer
36:42 Chemistry
35:46 Padded Archer Armor
35:48 Arbalester
仙逆许木
11:35 Feudal Age
9:55 Loom
12:12 Double-Bit Axe
13:21 Fishing Lines
13:27 Fishing Lines
20:42 Castle Age
20:46 Wheelbarrow
21:59 Bow Saw
21:37 Horse Collar
21:54 Gillnets
23:04 Hand Cart
23:58 Heavy Plow
24:00 Gold Mining
28:21 Imperial Age
26:02 Pikeman
28:56 Scale Mail Armor
29:06 Forging
28:36 Halberdier
29:47 Capped Ram
31:26 Gold Shaft Mining
31:29 Chain Mail Armor
31:45 Fletching
32:50 Plate Mail Armor
34:57 Iron Casting
36:56 Blast Furnace
35:53 Bodkin Arrow
37:07 Man-at-Arms
37:32 Gambesons
37:57 Long Swordsman
38:23 Gambesons
38:43 Two-Handed Swordsman
39:05 Siege Ram
40:39 Champion
Stalin
11:15 Feudal Age
14:53 Castle Age
12:57 Double-Bit Axe
13:52 Gold Mining
13:47 Fishing Lines
15:54 Medium Warships
15:39 Fletching
16:35 Bodkin Arrow
16:42 Gillnets
19:23 Bow Saw
25:53 Forging
26:43 Ballistics
26:42 Careening
26:42 Clinker Construction
28:18 Wheelbarrow
27:28 Loom
32:19 Horse Collar
36:45 Imperial Age
35:47 Hand Cart
35:35 Padded Archer Armor
36:44 Thumb Ring
37:56 Heavy Warships
37:54 Bracer
38:09 Leather Archer Armor
38:46 Gold Shaft Mining
38:06 Stone Mining
40:02 Guilds
40:33 Bloodlines
40:23 Husbandry
41:07 Parthian Tactics
BøM_從小不缺鮑魚
8:31 Loom
11:39 Feudal Age
12:15 Double-Bit Axe
12:31 Gold Mining
17:21 Castle Age
15:41 Fletching
16:46 Horse Collar
17:26 Crossbowman
18:19 Bow Saw
18:30 Bodkin Arrow
21:10 Ballistics
20:55 Padded Archer Armor
29:43 Stone Mining
30:31 Wheelbarrow
35:22 Imperial Age
33:59 Hand Cart
37:29 Chemistry
36:31 Heavy Plow
37:37 Siphons
37:46 Medium Warships
37:28 Fishing Lines
37:21 Elite Genitour
38:04 Bracer
38:45 Gold Shaft Mining
38:55 Heavy Warships
39:31 Thumb Ring
40:04 Crop Rotation
EchoEmpires
7:54 Loom
12:03 Feudal Age
12:52 Double-Bit Axe
17:11 Castle Age
15:33 Scale Barding Armor
18:46 Gold Mining
18:31 Light Cavalry
27:03 Forging
27:51 Husbandry
34:15 Chain Barding Armor
34:32 Iron Casting
42:17 Imperial Age
40:25 Wheelbarrow
Connection lost

Rejoining the realm…

Still unreachable

The connection could not be restored.

Session expired

The server has moved on; the page needs a fresh start.